 Dungeon Crawl Stone Soup version 0.26-a0-835-g8259106e14 (webtiles) character file.

Game seed: 2850129372848375785

3798 jestyr24 the Cleaver (level 9, -10/79 HPs)
             Began as a Minotaur Fighter on Nov 18, 2020.
             Was an Elder of the Shining One.
             Mangled by a ten-headed hydra (12 damage)
             ... on level 7 of the Dungeon.
             The game lasted 00:39:52 (6091 turns).

jestyr24 the Cleaver (Minotaur Fighter)             Turns: 6091, Time: 00:39:53

Health: -10/79     AC:  6    Str: 24    XL:     9   Next: 96%
Magic:  9/9        EV: 11    Int:  5    God:    the Shining One [****..]
Gold:   139        SH: 19    Dex: 23    Spells: 8/8 levels left

rFire    . . .     SeeInvis .   D - +4 war axe "Oschall" {vorpal, +Rage rN+ Dex+7}
rCold    + . .     Faith    .   c - +1 kite shield
rNeg     + + +     Spirit   .   n - +0 ring mail {rC+}
rPois    .         Reflect  +   (helmet restricted)
rElec    .         Harm     .   (no cloak)
rCorr    .         Rampage  .   (no gloves)
MR       .....                  (no boots)
Stlth    +.........             q - amulet of reflection
HPRegen  0.23/turn              w - +6 ring of dexterity
MPRegen  0.11/turn              (no ring)

@: glowing
A: retaliatory headbutt, horns 2
a: Divine Shield, Cleansing Flame, Renounce Religion, Evoke Berserk Rage


You were on level 7 of the Dungeon.
You worshipped the Shining One.
The Shining One was greatly pleased with you.
You visited 1 branch of the dungeon, and saw 7 of its levels.
You also visited: Ossuary.

You collected 394 gold pieces.
You spent 255 gold pieces at shops.

Inventory:

Hand Weapons
 a - a +1 war axe
 C - a +2 antimagic hand axe
 D - the +4 war axe "Oschall" (weapon) {vorpal, +Rage rN+ Dex+7}
   (You bought it in a shop on level 6 of the Dungeon)

   It inflicts extra damage upon your enemies.
   It affects your dexterity (+7).
   It protects you from negative energy.
   It lets you go berserk.
 J - the +5 great sword "Maepiom" {holy, rPois rC++ Str+4 Dex-2}
   (You found it on level 7 of the Dungeon)

   It has been blessed by the Shining One to cause great damage to the undead
   and demons.
   It affects your strength (+4).
   It affects your dexterity (-2).
   It greatly protects you from cold.
   It protects you from poison.
 K - the +0 hand crossbow "Goblinslayer" {elec, Int+2, unknown}
   (You found it on level 7 of the Dungeon)

   It charges the ammunition it shoots with electricity; occasionally upon a
   hit, such missiles may discharge and cause terrible harm.
   It affects your intelligence (+2).
Missiles
 i - 48 poisoned darts (quivered)
 o - 7 boomerangs
 v - 123 stones
 y - a boomerang of dispersal
Armour
 b - a +2 robe of magic resistance
 c - a +1 kite shield (worn)
 n - a +0 ring mail of cold resistance (worn)
Jewellery
 q - an amulet of reflection (around neck)
 w - a +6 ring of dexterity (left hand)
 I - the brooch of Shielding {Spirit SH+8}
   (You found it on level 7 of the Dungeon)

   [amulet of guardian spirit]

   It causes incoming damage to be split between your health and magic.
   It affects your SH (+8).
Wands
 p - a wand of acid (4)
 E - a wand of polymorph (10)
Scrolls
 f - 8 scrolls of teleportation
 h - 9 scrolls of identify
 j - 3 scrolls of enchant weapon
 k - 5 scrolls of remove curse
 s - a scroll of magic mapping
 t - 2 scrolls of noise
 u - 2 scrolls of blinking
 H - a scroll of amnesia {unknown}
Potions
 d - 3 potions of might
 e - 2 potions of flight
 g - a potion of resistance {unknown}
 l - 2 potions of heal wounds {unknown}
 m - a potion of ambrosia {unknown}
 r - 2 potions of haste {unknown}
 x - a potion of brilliance {unknown}
 z - 3 potions of attraction {unknown}
 A - 6 potions of curing {unknown}
 B - a potion of degeneration {unknown}
Miscellaneous
 L - a condenser vane
 M - a tin of tremorstones (2/2)


   Skills:
 * Level 7.4 Fighting
 * Level 11.0 Axes
 + Level 0.1 Throwing
 * Level 7.4 Armour
 * Level 2.1 Dodging
 * Level 8.7 Shields
 * Level 2.3 Invocations
 * Level 2.1 Evocations


You had 8 spell levels left.
You didn't know any spells.
Your spell library contained the following spells:

 Spells                   Type           Power        Failure   Level
 Sandblast                Erth           #.....       87%         1
 Passwall                 Tmut/Erth      #.......     95%         2
 Stone Arrow              Conj/Erth      #.....       99%         3
 Cause Fear               Hex            #.........   100%        4
 Petrify                  Tmut/Erth      #.......     100%        4
 Lee's Rapid Deconstruct  Erth           #.........   100%        5
 Silence                  Hex/Air        #.........   100%        5
 Yara's Violent Unravell  Hex/Tmut       #.........   100%        5
 Discord                  Hex            #.........   100%        8


Dungeon Overview and Level Annotations

Branches:
Dungeon (7/15)             Temple (0/1) D:4         Ossuary (visited)

Altars:
Ashenzari
Fedhas
Hepliaklqana
Makhleb
Nemelex Xobeh
Uskayaw
Zin
The Shining One

Shops:
D:6 (   D:7 ?

Annotations:
D:7 2 runed translucent doors


Innate Abilities, Weirdness & Mutations

You reflexively headbutt those who attack you in melee.
You have a pair of horns on your head.


Message History

The nine-headed hydra is moderately wounded.
You block the nine-headed hydra's attack.
The nine-headed hydra misses you. The nine-headed hydra bites you.
* * * LOW HITPOINT WARNING * * *
The nine-headed hydra bites you!
* * * LOW HITPOINT WARNING * * *
You block the nine-headed hydra's attack.
The nine-headed hydra closely misses you.
You block the nine-headed hydra's attack.
The nine-headed hydra bites you.
* * * LOW HITPOINT WARNING * * *
The nine-headed hydra bites you! The Shining One protects you from harm!
Unknown command.
You chop one of the nine-headed hydra's heads off!
The eight-headed hydra grows two more!
You slash the ten-headed hydra!
The ten-headed hydra is moderately wounded.
The howler monkey hoots and howls with incredible vigour!
The ten-headed hydra misses you. The ten-headed hydra bites you!
You die...

...†...##..###..##.# #.# #.##
#.#.#.#.#...##.....###+###.#
........##.....>...........#
...#########.......######..#
........#.####......# ##.#
#######..#.#####....## #.#
#.....#..#+#######...### #.####
#.#'#.#..#.ozJ######..)###....#
#.#)#)#.##ZoYBJD@...##..#...#.##
#.###.#.##.SBh######.......##..#
#.....#.##+#######......#..###.##
###'###)##.#####......###..#..∩..
........#.####......####..##.#.#.
####.[(#####...########...##.....
.#.#)#..##...### ####..#.###....
.#.#.#..#..##### #.......##.....
.#.#.#.##......####....#.###.....


You could see a ten-headed hydra, a slime creature, 2 orc warriors, a sky beast
(invisible), a howler monkey (catching breath), a jelly, 2 worker ants, a wight,
an adder and a hound zombie.

Vanquished Creatures
  Pikel (D:7)
  A deep elf mage (D:7)
  A manticore (D:7)
  3 orc warriors
  A black bear (D:7)
  3 ice beasts
  A phantom (D:6)
  2 ogres
  4 centaurs
  A lemure (D:7)
  2 bullfrogs
  A water moccasin zombie (Ossuary)
  3 scorpions
  A killer bee (D:7)
  A howler monkey (D:7)
  A bullfrog zombie (D:7)
  A centaur skeleton (D:5)
  A bullfrog skeleton (D:6)
  5 orc priests
  3 hounds
  2 orc wizards
  An iguana (D:4)
  7 worker ants
  2 big kobold zombies (Ossuary)
  A hound skeleton (D:3)
  3 mummies
  7 adders
  2 ufetubi
  6 adder zombies (Ossuary)
  A worm (D:2)
  3 dart slugs
  7 leopard geckos
  32 orcs
  11 bats
  4 giant cockroaches
  4 gnoll zombies (Ossuary)
  5 goblins
  8 hobgoblins
  2 jackals (D:1)
  6 kobolds
  7 quokkas
  A ball python (D:5)
  A ball python skeleton (D:5)
  4 frilled lizards
  A giant cockroach zombie (D:5)
  A goblin zombie (D:4)
  4 hobgoblin zombies
  2 jackal skeletons (D:4)
  2 kobold zombies (Ossuary)
  4 orc zombies (Ossuary)
  A quokka skeleton (D:7)
  7 rats
186 creatures vanquished.

Vanquished Creatures (others)
  2 plants (D:3)
2 creatures vanquished.

Grand Total: 188 creatures vanquished

Notes
Turn   | Place    | Note
-------+----------+-------------------------------------------
     0 | D:1      | jestyr24 the Minotaur Fighter began the quest for the Orb.
     0 | D:1      | Reached XP level 1. HP: 19/19 MP: 0/0
   182 | D:1      | Reached XP level 2. HP: 24/27 MP: 1/1
   786 | D:2      | Reached XP level 3. HP: 33/33 MP: 2/2
  1015 | D:2      | Found a blossoming altar of Fedhas.
  1015 | D:2      | Found a glowing golden altar of the Shining One.
  1015 | D:2      | Found a glowing silver altar of Zin.
  1017 | D:2      | Reached skill level 3 in Axes
  1080 | D:2      | Found a hide-covered altar of Uskayaw.
  1358 | D:2      | Became a worshipper of the Shining One
  1372 | D:3      | Reached XP level 4. HP: 41/41 MP: 3/3
  1656 | D:3      | Found a hazy altar of Hepliaklqana.
  1971 | D:3      | Reached skill level 4 in Axes
  2147 | D:4      | Reached XP level 5. HP: 37/47 MP: 4/4
  2154 | D:4      | Found a sand-covered staircase.
  2163 | Ossuary  | Entered an ossuary
  2266 | Ossuary  | Reached * piety under the Shining One
  2298 | Ossuary  | Reached skill level 5 in Axes
  2345 | Ossuary  | Reached ** piety under the Shining One
  2358 | Ossuary  | Reached XP level 6. HP: 40/53 MP: 5/5
  2575 | D:4      | Found a staircase to the Ecumenical Temple.
  2624 | D:4      | Reached skill level 5 in Armour
  2624 | D:4      | Reached skill level 5 in Shields
  2734 | D:4      | Reached *** piety under the Shining One
  2811 | D:4      | Reached skill level 6 in Axes
  3049 | D:4      | Reached skill level 5 in Fighting
  3049 | D:4      | Reached skill level 1 in Dodging
  3049 | D:4      | Reached XP level 7. HP: 20/61 MP: 6/6
  3329 | D:5      | Entered Level 5 of the Dungeon
  3750 | D:5      | Reached skill level 7 in Axes
  3887 | D:5      | Reached **** piety under the Shining One
  3942 | D:5      | Reached XP level 8. HP: 69/69 MP: 7/7
  3943 | D:5      | Found a broken altar of Ashenzari.
  4139 | D:5      | Reached skill level 8 in Axes
  4722 | D:6      | Found Racusamp's Antique Weapon Shoppe.
  4744 | D:6      | Bought a translucent war axe for 255 gold pieces
  4744 | D:6      | Identified the +4 war axe "Oschall" {vorpal, +Rage rN+
                  | Dex+7} (You bought it in a shop on level 6 of the Dungeon)
  4914 | D:6      | Reached skill level 9 in Axes
  5048 | D:6      | Found a burning altar of Makhleb.
  5539 | D:7      | Found a runed translucent door.
  5540 | D:7      | Noticed a slime creature
  5541 | D:7      | Noticed a seven-headed hydra
  5541 | D:7      | Found a runed translucent door.
  5542 | D:7      | Found a runed translucent door.
  5548 | D:7      | Noticed a deep elf mage
  5548 | D:7      | Noticed Pikel
  5557 | D:7      | Reached XP level 9. HP: 67/78 MP: 8/8
  5562 | D:7      | Killed a deep elf mage
  5563 | D:7      | Reached skill level 1 in Invocations
  5563 | D:7      | Reached skill level 1 in Evocations
  5564 | D:7      | Reached skill level 10 in Axes
  5570 | D:7      | Killed Pikel
  5866 | D:7      | Noticed a manticore
  5872 | D:7      | Killed a manticore
  5873 | D:7      | Reached skill level 11 in Axes
  5881 | D:7      | Found the brooch of Shielding {Spirit SH+8}
  5884 | D:7      | Got a bone great sword
  5884 | D:7      | Got a dazzling hand crossbow
  5885 | D:7      | Identified the +5 great sword "Maepiom" {holy, rPois rC++
                  | Str+4 Dex-2} (You found it on level 7 of the Dungeon)
  6011 | D:7      | Found a sparkling altar of Nemelex Xobeh.
  6038 | D:7      | Found Ciwoapol's Magic Scroll Emporium.
  6090 | D:7      | HP: 2/79 [nine-headed hydra (4)]
  6090 | D:7      | The Shining One protects you from harm!
  6091 | D:7      | Mangled by a ten-headed hydra

Illustrated notes

Levels and vault maps discovered:
D:1:      lemuel_arrival_broad_hall, layout_basic
D:2:      layout_rooms, eat_drink_and_be_merry_uskayaw,
          chequers_temple_overflow_statue_of_worship
D:3:      cheibrodos_old_hovel, layout_basic, general_overflow_altar
D:4:      layout_cave_pools, minmay_temple_entry_from_below_a,
          nicolae_ossuary_entry_giza
D:5:      mumra_celtic_spiral_tile, layout_loops_ring,
          cheibrodos_ashenzari_chains, st_stairs_5, minivault_14
D:6:      layout_cave_pods, basic_altar, serial_shops, shop,
          minmay_misc_feat_roman, minmay_misc_feat_cross, nrook_mini_vaults
D:7:      minmay_the_grid_four_pointed_star
          [minmay_the_grid_triangle_9x9_sparse_checkered,
          minmay_the_grid_triangle_9x9_longest,
          minmay_the_grid_triangle_9x9_wacky_v,
          minmay_the_grid_triangle_9x9_fully_insulated_deathbox,
          minmay_the_grid_prize_shrinking_boxes], layout_rooms,
          lemuel_doored_altar, serial_shops, nicolae_shop_crystal, uniq_pikel

Skill      XL: |  1  2  3  4  5  6  7  8  9 |
---------------+----------------------------+-----
Armour         | 4 5 6 7 |  7.4
Fighting       | 4 5 6 7 |  7.4
Shields        | 4 5 7 8 |  8.7
Axes           | 3 4 5 6 7 9 11 | 11.0
Dodging        | 1 2 |  2.1
Invocations    | 2 |  2.3
Evocations     | 2 |  2.1
Throwing       | |  0.1

Action                   |  1- 3 |  4- 6 |  7- 9 || total
-------------------------+-------+-------+-------++-------
Melee: War axe           |    87 |   175 |   181 ||   443
       Headbutt          |     9 |    20 |    40 ||    69
Throw: Dart              |       |       |     3 ||     3
  Use: Scroll            |     2 |     8 |     3 ||    13
Armor: Scale mail        |    35 |    34 |       ||    69
       Ring mail         |       |     6 |    22 ||    28
Dodge: Dodged            |    26 |    28 |    39 ||    93
Block: Kite shield       |    41 |   126 |   138 ||   305
       Reflection        |       |       |    10 ||    10

Table legend: (Time is in decaauts)
 A = Elapsed time spent in this place.
 B = Non-inter-level travel time spent in this place.
 C = Inter-level travel time spent in this place.
 D = Time resting spent in this place.
 E = Time spent auto-exploring this place.
 F = Levels seen in this place.
 G = Mean time per level.
                   A        B        C        D        E       F      G
               +--------+--------+--------+--------+--------+-----+--------+
         Total |   6208 |   6094 |    114 |    686 |   3386 |   8 |  776.0 |
       Dungeon |   5802 |   5688 |    114 |    485 |   3386 |   7 |  828.9 |
       Ossuary |    406 |    406 |      0 |    201 |      0 |   1 |  406.0 |
               +--------+--------+--------+--------+--------+-----+--------+

Top non-repeatable levels by time:
     D:5: 1275 daAuts
     D:6: 867 daAuts
     D:4: 839 daAuts
     D:3: 774 daAuts
     D:1: 759 daAuts
     D:2: 645 daAuts
     D:7: 639 daAuts
 Ossuary: 406 daAuts
